 Dungeon Crawl Stone Soup version 0.25.1-8-g42b30a86e7 (webtiles) character file.

Game seed: 17791654852795579834

37 FancyManDan the Chucker (level 3, -2/37 HPs)
             Began as an Ogre Hunter on Dec 14, 2020.
             Slain by a worm (9 damage)
             ... on level 2 of the Dungeon.
             The game lasted 00:05:25 (1431 turns).

FancyManDan the Chucker (Ogre Hunter)               Turns: 1431, Time: 00:05:25

Health: -2/37      AC:  3    Str: 22    XL:     3   Next: 41%
Magic:  3/3        EV: 10    Int: 12    God:
Gold:   78         SH:  0    Dex: 10    Spells: 2/2 levels left

rFire    . . .     SeeInvis .   p - +0 club
rCold    . . .     Gourm    .   (no shield)
rNeg     . . .     Faith    .   b - +0 robe
rPois    .         Spirit   .   (helmet restricted)
rElec    .         Reflect  .   (no cloak)
rCorr    .         Harm     .   (gloves unavailable)
MR       .....     Rnd*Tele +   (boots unavailable)
Stlth    +.........             (no amulet)
HPRegen  0.12/turn              h - ring of teleportation (curse)
MPRegen  0.08/turn              k - +6 ring of strength

@: no status effects
A: large, unfitting armour, tough skin 1
a: no special abilities


You were on level 2 of the Dungeon.
You were near starving.

You visited 1 branch of the dungeon, and saw 2 of its levels.

You collected 78 gold pieces.

Inventory:

Hand Weapons
 p - a +0 club (weapon)
Missiles
 c - 5 large rocks (quivered)
 d - 2 throwing nets
Armour
 b - a +0 robe (worn)
Jewellery
 h - a cursed ring of teleportation (left hand)
 k - a +6 ring of strength (right hand)
 m - an uncursed ring of resist corrosion
Scrolls
 e - 2 scrolls of immolation
 i - 4 scrolls of remove curse {unknown}
 j - a scroll of teleportation
 l - a scroll of identify
 n - a scroll of blinking {unknown}
Potions
 a - a potion of lignification {unknown}
 g - a potion of curing {unknown}
 o - a potion of brilliance {unknown}
Comestibles
 f - 6 rations


   Skills:
 + Level 3.5 Fighting
 + Level 0.3 Maces & Flails
 + Level 4.3 Throwing
 + Level 2.3 Dodging
 - Level 0.6 Stealth


You had 2 spell levels left.
You didn't know any spells.
Your spell library was empty.

Dungeon Overview and Level Annotations

Branches:
Dungeon (2/15)

Altars:
Wu Jian


Innate Abilities, Weirdness & Mutations

You are too large for most types of armour.
You have tough skin. (AC +1)


Message History

Aim: a worm (moderately wounded)
You throw a large rock. The large rock hits the worm.
The worm is heavily wounded.
The worm barely misses you.
You hit the worm but do no damage.
The worm is heavily wounded.
You hit the worm but do no damage.
The worm is heavily wounded.
The worm barely misses you.
You completely miss the worm.
The worm is heavily wounded.
The worm bites you!
* * * LOW HITPOINT WARNING * * *
Throwing (i - inventory. (/) - cycle)
c - 6 large rocks (quivered)
Press: ? - help, Shift-Dir - straight line, f/p - worm
Aim: a worm (moderately wounded)
You throw a large rock. The large rock hits the worm.
The worm is heavily wounded.
The worm bites you!
You die...

#.#..#.#
#.#.##.#
#.#.##.#
#......###
##.....<.#
#...###.#
##### #.#
##.#####
#..@..(#
#.##w#.#
#.##.#.###.#
#.##.(.....#
#.####.#####
# #.####.#
##. #......#
#.# ######.#
##.### #.#
#...†.


You could see a worm.

Vanquished Creatures
  An ooze (D:1)
  A worm (D:2)
  2 dart slugs
  A leopard gecko (D:1)
  A bat (D:1)
  3 giant cockroaches (D:1)
  2 goblins
  6 hobgoblins
  A kobold (D:1)
  2 frilled lizards
  2 rats (D:1)
22 creatures vanquished.

Notes
Turn   | Place    | Note
-------+----------+-------------------------------------------
     0 | D:1      | FancyManDan the Ogre Hunter began the quest for the Orb.
     0 | D:1      | Reached XP level 1. HP: 22/22 MP: 1/1
   190 | D:1      | Reached XP level 2. HP: 28/31 MP: 2/2
   824 | D:2      | Reached XP level 3. HP: 37/37 MP: 3/3
  1179 | D:2      | Found an ornate altar of the Wu Jian Council.
  1431 | D:2      | Slain by a worm

Illustrated notes

Levels and vault maps discovered:
D:1:      ncdulo_halloftheorcs, layout_loops_ring, minmay_tromino_i2
D:2:      layout_loops_cross, nicolae_overflow_crystal_walls, minmay_tripent

Skill      XL: |  1 |
---------------+----+-----
Fighting       | 3 |  3.5
Dodging        | 2 |  2.3
Maces & Flails | |  0.3
Throwing       | |  4.3
Stealth        | |  0.6

Action                   || total
-------------------------++-------
Melee: Short sword       ||    32
       Club              ||    73
Throw: Large rock        ||     5
  Use: Scroll            ||     2
 Stab: Sleeping          ||     3
Armor: Robe              ||    14
Dodge: Dodged            ||    51
